 Dungeon Crawl Stone Soup version 0.28.0-45-g0d030f2227 (webtiles) character file.

Game seed: 2576172515720739823

106 DearestLeader the Shield-Bearer (level 4, -8/41 HPs)
             Began as a Gnoll Fighter on Apr 1, 2022.
             Killed by nerve-wracking pain
             ... invoked by an orc priest
              (10 damage)
             ... on level 2 of the Dungeon.
             The game lasted 00:01:18 (873 turns).

DearestLeader the Shield-Bearer (Gnoll Fighter)      Turns: 873, Time: 00:01:19

Health: -8/41      AC:  7    Str: 17    XL:     4   Next: 84%
Magic:  5/5        EV:  9    Int:  8    God:
Gold:   64         SH:  5    Dex: 11    Spells: 5/5 levels left

rFire   . . .      SeeInvis .   a - +0 war axe
rCold   . . .      Faith    .   c - +0 buckler
rNeg    . . .      Spirit   .   b - +0 scale mail
rPois   .          Reflect  .   j - +0 hat
rElec   .          Harm     .   (no cloak)
rCorr   .          Rampage  .   (no gloves)
Will    .....                   (no boots)
Stlth   ..........              (no amulet)
HPRegen 0.13/turn               (no ring)
MPRegen 0.09/turn               (no ring)

@: mighty, lethally poisoned (-8 -> -9)
A: fangs 1, strong nose, distributed training
a: no special abilities


You were on level 2 of the Dungeon.
You visited 1 branch of the dungeon, and saw 2 of its levels.

You collected 64 gold pieces.

Inventory:

Hand Weapons
 a - a +0 war axe (weapon)
Armour
 b - a +0 scale mail (worn)
 c - a +0 buckler (worn)
 j - a +0 hat (worn)
Scrolls
 e - a scroll of fear {unknown}
 f - a scroll of identify {unknown}
 h - a scroll of fog {unknown}
Potions
 g - a potion of haste {unknown}
 i - a potion of degeneration {unknown}


   Skills:
 + Level 6.6 Fighting
 + Level 1.2 Short Blades
 + Level 1.2 Long Blades
 + Level 4.7 Axes
 + Level 1.2 Maces & Flails
 + Level 1.2 Polearms
 + Level 1.2 Staves
 + Level 1.2 Slings
 + Level 1.2 Bows
 + Level 1.2 Crossbows
 + Level 1.2 Throwing
 + Level 6.6 Armour
 + Level 1.2 Dodging
 + Level 1.2 Stealth
 + Level 6.6 Shields
 + Level 1.2 Unarmed Combat
 + Level 1.2 Spellcasting
 + Level 1.0 Conjurations
 + Level 1.0 Hexes
 + Level 1.0 Summonings
 + Level 1.0 Necromancy
 + Level 1.0 Translocations
 + Level 1.0 Transmutations
 + Level 1.0 Fire Magic
 + Level 1.0 Ice Magic
 + Level 1.0 Air Magic
 + Level 1.0 Earth Magic
 + Level 1.0 Poison Magic
 + Level 1.4 Invocations
 + Level 1.2 Evocations


You had 5 spell levels left.
You didn't know any spells.
Your spell library was empty.

Dungeon Overview and Level Annotations

Branches:
Dungeon (2/15)

Altars:


Innate Abilities, Weirdness & Mutations

You have very sharp teeth.
Your uncanny sense of smell can sniff out nearby items.
Your experience applies equally to all skills.


Message History

Your Summonings skill increases to level 1!
Your Necromancy skill increases to level 1!
Your Translocations skill increases to level 1!
Your Transmutations skill increases to level 1!
Your Fire Magic skill increases to level 1!
Your Ice Magic skill increases to level 1!
Your Air Magic skill increases to level 1!
Your Earth Magic skill increases to level 1!
Your Poison Magic skill increases to level 1!
Your Evocations skill increases to level 1!
You have reached level 4!
You feel clever.
You slash the orc!
You kill the orc!
You feel sick.
You feel sick.
The orc hits you with a +1 vampiric falchion.
The orc priest invokes the aid of Beogh against you.
Beogh smites you!
* * * LOW HITPOINT WARNING * * *
Things that are here:
a +0 mace; a +0 ring mail; an orc corpse You slash the orc!
You kill the orc!
You slash the orc!
You kill the orc!
You feel sick.
The orc priest begins to cast a cantrip, but forgets the words!
You feel sick. The orc hits you with a +0 falchion.
* * * LOW HITPOINT WARNING * * *
Things that are here:
a +1 vampiric falchion; a +0 ring mail; 14 gold pieces You slash the orc priest!
Your bite misses the orc priest.
The orc priest is almost dead.
You barely miss the orc.
* * * LOW HITPOINT WARNING * * *
You feel sick. The orc hits you but does no damage.
The orc priest invokes the aid of Beogh against you.
Pain shoots through your body!
You die...

#.#. .# ##...# #.#.###
.# #. #.....# .[...# #.#
.. ....... #...# #.# ...
#......######..###.#....
....>...##.........#....
...................'...#
......o)o..........# #
#@).....###..# ##
#.......# #††# ##.
#.....#.###..###..
#..#.##.......####
#..#.##.#.##......
#.......#.####...#
........#.####).##
###.#...........###
#.###.##.#...[..#


You could see an orc priest and an orc.

Vanquished Creatures
  A scorpion (D:2)
  A dart slug (D:1)
  3 orcs (D:2)
  3 ball pythons (D:1)
  3 endoplasms
  4 goblins
  2 hobgoblins
  8 jackals
  3 quokkas
  3 bats
  2 frilled lizards (D:1)
  A kobold (D:1)
  4 rats
38 creatures vanquished.

Notes
Turn   | Place    | Note
-------+----------+-------------------------------------------
     0 | D:1      | DearestLeader the Gnoll Fighter began the quest for the
                  | Orb.
     0 | D:1      | Reached XP level 1. HP: 23/23 MP: 1/1
     6 | D:1      | Noticed a seven-headed hydra
     6 | D:1      | Noticed a killer bee
     6 | D:1      | Noticed a snapping turtle
     7 | D:1      | Noticed a black bear
     7 | D:1      | Noticed a swamp worm
   212 | D:1      | Reached XP level 2. HP: 29/29 MP: 2/2
   546 | D:1      | Reached XP level 3. HP: 33/35 MP: 3/3
   590 | D:1      | Found a faded altar of an unknown god.
   590 | D:1      | Noticed a balrug
   828 | D:2      | Reached skill level 1 in Invocations
   860 | D:2      | Noticed a scorpion
   868 | D:2      | Killed a scorpion
   869 | D:2      | Reached skill level 1 in Short Blades
   869 | D:2      | Reached skill level 1 in Long Blades
   869 | D:2      | Reached skill level 1 in Maces & Flails
   869 | D:2      | Reached skill level 1 in Polearms
   869 | D:2      | Reached skill level 1 in Staves
   869 | D:2      | Reached skill level 1 in Slings
   869 | D:2      | Reached skill level 1 in Bows
   869 | D:2      | Reached skill level 1 in Crossbows
   869 | D:2      | Reached skill level 1 in Throwing
   869 | D:2      | Reached skill level 1 in Dodging
   869 | D:2      | Reached skill level 1 in Stealth
   869 | D:2      | Reached skill level 1 in Unarmed Combat
   869 | D:2      | Reached skill level 1 in Spellcasting
   869 | D:2      | Reached skill level 1 in Conjurations
   869 | D:2      | Reached skill level 1 in Hexes
   869 | D:2      | Reached skill level 1 in Summonings
   869 | D:2      | Reached skill level 1 in Necromancy
   869 | D:2      | Reached skill level 1 in Translocations
   869 | D:2      | Reached skill level 1 in Transmutations
   869 | D:2      | Reached skill level 1 in Fire Magic
   869 | D:2      | Reached skill level 1 in Ice Magic
   869 | D:2      | Reached skill level 1 in Air Magic
   869 | D:2      | Reached skill level 1 in Earth Magic
   869 | D:2      | Reached skill level 1 in Poison Magic
   869 | D:2      | Reached skill level 1 in Evocations
   869 | D:2      | Reached XP level 4. HP: 23/41 MP: 5/5
   873 | D:2      | HP: 2/41 [poisoned by a scorpion]
   873 | D:2      | Killed from afar by an orc priest

Illustrated notes

Levels and vault maps discovered:
D:1:      onia_arrival_zoo_common, layout_basic,
          dreamdust_ecumenical_altar_sealed_demon
D:2:      layout_loops_ring, minmay_quadrilaterals

Skill      XL: |  1  2  3 |
---------------+----------+-----
Invocations    | 1 |  1.4
Short Blades   | 1 |  1.2
Long Blades    | 1 |  1.2
Maces & Flails | 1 |  1.2
Polearms       | 1 |  1.2
Staves         | 1 |  1.2
Slings         | 1 |  1.2
Bows           | 1 |  1.2
Crossbows      | 1 |  1.2
Throwing       | 1 |  1.2
Dodging        | 1 |  1.2
Stealth        | 1 |  1.2
Unarmed Combat | 1 |  1.2
Spellcasting   | 1 |  1.2
Conjurations   | 1 |  1.0
Hexes          | 1 |  1.0
Summonings     | 1 |  1.0
Necromancy     | 1 |  1.0
Translocations | 1 |  1.0
Transmutations | 1 |  1.0
Fire Magic     | 1 |  1.0
Ice Magic      | 1 |  1.0
Air Magic      | 1 |  1.0
Earth Magic    | 1 |  1.0
Poison Magic   | 1 |  1.0
Evocations     | 1 |  1.2
Fighting       | |  6.6
Axes           | |  4.7
Armour         | |  6.6
Shields        | |  6.6

Action                   |  1- 3 |  4- 6 || total
-------------------------+-------+-------++-------
Melee: War axe           |    69 |     3 ||    72
       Bite              |     3 |       ||     3
  Use: Potion            |     1 |       ||     1
Armor: Scale mail        |    33 |     1 ||    34
Dodge: Dodged            |    45 |       ||    45
Block: Buckler           |    23 |       ||    23
